 Dungeon Crawl Stone Soup version 0.17.1-2-g5865329 (webtiles) character file.

223 kaze the Ruffian (level 5, -2/53 HPs)
             Began as a Troll Berserker on Jan 20, 2016.
             Was a Believer of Trog.
             Slain by an orc
             ... wielding a +0 club
              (3 damage)
             ... on level 5 of the Dungeon.
             The game lasted 00:10:35 (3673 turns).

kaze the Ruffian (Troll Berserker)                  Turns: 3673, Time: 00:10:36

Health: -2/53      AC:  5    Str: 26    XL:     5   Next: 66%
Magic:  4/4        EV: 11    Int:  3    God:    Trog [**....]
Gold:   128        SH:  0    Dex: 13    Spells: 0 memorised, 4 levels left

rFire  . . .     SeeInvis .       - Unarmed
rCold  . . .     Clarity  .     a - +0 animal skin
rNeg   . . .     SustAt   .     (no shield)
rPois  +         Gourm    +     (helmet restricted)
rElec  .         Spirit   .     (no cloak)
rCorr  .         Warding  .     (gloves unavailable)
rMut   .         Stasis   .     (boots unavailable)
MR     ++...                    (no amulet)
Stlth  +.........               g - ring of poison resistance
                                e - +4 ring of dexterity

@: lethally poisoned (-2 -> -2), regenerating, very resistant to hostile
enchantments, very unstealthy
A: unfitting armour, claws 3, fast metabolism 3, gourmand, regeneration 2,
shaggy fur 1, tough skin 2
a: Berserk, Trog's Hand, Burn Spellbooks, Renounce Religion


You were on level 5 of the Dungeon.
You worshipped Trog.
Trog was pleased with you.
You were not hungry.

You visited 1 branch of the dungeon, and saw 5 of its levels.

You collected 128 gold pieces.

Inventory:

Armour
 a - a +0 animal skin (worn)
Jewellery
 e - a +4 ring of dexterity (left claw)
 f - an uncursed ring of magical power
 g - a ring of poison resistance (right claw)
Scrolls
 c - a scroll of identify {unknown}
 h - a scroll of blinking {unknown}
 k - a scroll of enchant weapon {unknown}
 n - a scroll of magic mapping {unknown}
 q - a scroll of noise {unknown}
Potions
 i - 2 potions of heal wounds {unknown}
 j - a potion of agility {unknown}
 l - a potion of resistance {unknown}
 o - a potion of curing {unknown}
Comestibles
 b - a royal jelly
 d - a beef jerky
 m - a bread ration
 p - a meat ration


   Skills:
 + Level 3.4 Fighting
 + Level 3.5 Dodging
 + Level 0.5 Stealth
 + Level 4.5 Unarmed Combat


You had 4 spell levels left.
You didn't know any spells.

Dungeon Overview and Level Annotations

Branches:
Dungeon (5/15)
 Temple: D:4-7

Altars:
Fedhas

Annotations:
D:4 exclusion: oklob plant


Innate Abilities, Weirdness & Mutations

You are too large for most types of armour.
You have claws for hands.
Your metabolism is lightning-fast.
You like to eat raw meat.
You heal very quickly.
You are covered in fur (AC +1).
You have very tough skin (AC +2).


Message History

You feel sick. The scorpion misses you. The orc hits you with a club.
* * * LOW HITPOINT WARNING * * *
The orc priest hits you with a whip.
* * * LOW HITPOINT WARNING * * *
The orc barely misses you.
You closely miss the orc priest.
The orc priest is lightly wounded.
You feel sick. The scorpion misses you.
You scratch the orc priest but do no damage.
The orc priest is lightly wounded.
You feel sick. The orc priest barely misses you. The orc closely misses you.
The orc barely misses you. The scorpion stings you.
* * * LOW HITPOINT WARNING * * *
Unknown command.
You scratch the orc priest but do no damage.
The orc priest is lightly wounded.
You feel sick. The orc priest hits you with a whip.
* * * LOW HITPOINT WARNING * * *
The orc misses you. The orc hits you with a club.
You die...

#.# ##+# #.# ##.<.# #.#
#.....# ###.# #
...$...## ##...### #
........####......######
......s@o...............
......oo####.)[.........
.......## ##.P≈≈P...≈..
#.....# ##≈≈≈≈P≈PP≈≈
##...# #≈≈≈≈≈≈PP≈P ##'#
#≈≈≈≈≈PPP≈≈ #.
#≈P≈≈≈P≈≈≈≈ #
#≈≈P≈≈≈≈P≈≈ ♣P≈≈≈≈≈≈≈≈≈


You could see a scorpion, an orc priest and 2 orcs.

Vanquished Creatures
  A giant frog zombie (D:5)
  Ijyb (D:2)
  An iguana (D:5)
  An orc priest (D:5)
  3 adders
  A shadow imp (D:5)
  4 oozes
  An adder skeleton (D:5)
  2 giant geckos
  6 orcs
  2 bats
  4 giant cockroaches
  5 goblins
  5 hobgoblins
  2 quokkas (D:4)
  4 giant newts
  4 kobolds
  2 rats (D:2)
  A plant (D:5)
50 creatures vanquished.

Notes
Turn   | Place    | Note
--------------------------------------------------------------
     0 | D:1      | kaze the Troll Berserker began the quest for the Orb.
     0 | D:1      | Reached XP level 1. HP: 22/22 MP: 0/0
   795 | D:2      | Reached XP level 2. HP: 21/29 MP: 1/1
  1180 | D:2      | Reached XP level 3. HP: 33/36 MP: 2/2
  1628 | D:2      | Noticed Ijyb
  1637 | D:2      | Killed Ijyb
  1753 | D:2      | Reached XP level 4. HP: 44/44 MP: 3/3
  1927 | D:3      | Reached ** piety under Trog
  2380 | D:4      | Reached skill level 4 in Unarmed Combat
  2560 | D:4      | Found a blossoming altar of Fedhas.
  2600 | D:4      | Noticed an oklob plant
  3046 | D:5      | Entered Level 5 of the Dungeon
  3077 | D:5      | Reached XP level 5. HP: 51/53 MP: 4/4
  3673 | D:5      | HP: 1/53 [orc priest/whip (6)]
  3673 | D:5      | Slain by an orc

Action                   |  1- 3 |  4- 6 || total
-------------------------+-------+-------++-------
Melee: Unarmed           |    47 |   102 ||   149
Invok: Trog's Hand       |       |     1 ||     1
 Stab: Sleeping          |       |     1 ||     1
  Eat: Bread ration      |     2 |       ||     2
       Chunk             |     5 |    16 ||    21
       Beef jerky        |     1 |       ||     1
